 Dungeon Crawl Stone Soup version 0.28.0-45-g0d030f2227 (webtiles) character file.

Game seed: 2101844954268203634

553 Icepheonix32 the Ruffian (level 7, -12/52 HPs)
             Began as a Demonspawn Fighter on Apr 7, 2022.
             Mangled by an ogre
             ... wielding a +0 giant club
              (31 damage)
             ... on level 5 of the Dungeon.
             The game lasted 00:04:19 (3717 turns).

Icepheonix32 the Ruffian (Demonspawn Fighter)       Turns: 3717, Time: 00:04:20

Health: -12/52     AC:  6    Str: 19    XL:     7   Next: 8%
Magic:  7/7        EV: 10    Int:  9    God:
Gold:   225        SH:  8    Dex: 12    Spells: 6/6 levels left

rFire   . . .      SeeInvis .     - Unarmed
rCold   + . .      Faith    .   c - +0 buckler
rNeg    . . .      Spirit   .   f - +1 ring mail {rC+}
rPois   .          Reflect  .   (no helmet)
rElec   .          Harm     .   (no cloak)
rCorr   .          Rampage  .   (no gloves)
Will    .....                   (no boots)
Stlth   +.........              (no amulet)
HPRegen 0.17/turn               (no ring)
MPRegen 0.10/turn               (no ring)

@: mighty
A: claws 2, large bone plates 1, powered by death 1, spiny 1
a: no special abilities


You were on level 5 of the Dungeon.
You visited 1 branch of the dungeon, and saw 5 of its levels.

You collected 225 gold pieces.

Inventory:

Hand Weapons
 a - a +0 long sword
Missiles
 r - 3 poisoned darts (quivered)
Armour
 b - a +0 scale mail
 c - a +0 buckler (worn)
 f - a +1 ring mail of cold resistance (worn)
 l - an orb of guile
Scrolls
 e - a scroll of teleportation {unknown}
 g - a scroll of summoning {unknown}
 h - 5 scrolls of identify {unknown}
 i - 2 scrolls of vulnerability {unknown}
 k - a scroll of fear {unknown}
 n - a scroll of magic mapping {unknown}
 p - a scroll of noise {unknown}
 q - a scroll of amnesia {unknown}


   Skills:
 + Level 3.6 Fighting
 - Level 2.0 Long Blades
 + Level 4.0 Armour
 + Level 1.8 Dodging
 + Level 1.0 Stealth
 + Level 3.4 Shields
 * Level 4.5 Unarmed Combat


You had 6 spell levels left.
You didn't know any spells.
Your spell library contained the following spells:

 Spells                   Type           Power      Damage    Failure   Level
 Animate Skeleton         Necr           0%         N/A       65%         1
 Apportation              Tloc           0%         N/A       65%         1
 Summon Small Mammal      Summ           0%         N/A       65%         1
 Confusing Touch          Hex            0%         N/A       95%         3
 Yara's Violent Unravell  Hex/Tmut       0%         3d3       100%        5
 Enfeeble                 Hex            0%         N/A       100%        7


Dungeon Overview and Level Annotations

Branches:
Dungeon (6/15)
 Temple: D:4-7

Altars:

Annotations:
D:5 Eustachio


Innate Abilities, Weirdness & Mutations

You have very sharp fingernails.
You are partially covered in large bone plates. (SH +4)
You regenerate a little health from kills.
You are partially covered in sharp spines.


Message History

You barely miss Edmund.
Edmund is severely wounded.
The white imp summons a swarm of flies.
Edmund hits you with a +2 flail of protection.
You closely miss Edmund.
Edmund is severely wounded.
Edmund hits you with a +2 flail of protection.
You claw Edmund!
Edmund is almost dead.
Eustachio casts a spell.
Eustachio blinks!
Edmund hits you with a +2 flail of protection!
* * * LOW HITPOINT WARNING * * *
It was a potion of curing.
You feel better. You block Edmund's attack.
You claw Edmund!
You kill Edmund!
The white imp gestures at you. The puff of frost hits you. You resist.
Your Armour skill increases to level 4!
You have reached level 7!
Your demonic ancestry asserts itself...
A wave of death washes over you.
A hound comes into view.
The hound barks!
You block the white imp's attack.
Things that are here:
a +2 flail of protection; a +0 chain mail; the human corpse of Edmund You claw the white imp!
You kill the white imp!
The white imp disappears in a puff of smoke!
You block the ogre's attack.
You claw the ogre!
The ogre is heavily wounded.
You barely miss the ogre.
The ogre is heavily wounded.
An adder comes into view.
The ogre is struck by your spines.
The ogre hits you with a +0 giant club!!
Ouch! That really hurt!
You die...

........#..#
.........@. #
.......#..# ..
.>.......@####..
......$......#
.....##..S#.#..
..########...........
........@O{@....$....
.##############.###..
.. ... ... ..


Y You could see Eustachio, an ogre and an adder (wandering).

Vanquished Creatures
  Edmund (D:5)
  An ice beast (D:5)
  A phantom (D:6)
  A scorpion (D:6)
  A hound (D:5)
  Robin (D:2)
  5 gnolls (D:6)
  3 adders
  A worm (D:2)
  2 dart slugs
  2 orcs (D:3)
  7 ball pythons
  9 endoplasms
  2 giant cockroaches
  14 goblins
  10 hobgoblins
  9 kobolds
  4 quokkas
  7 bats
  7 frilled lizards
  9 rats
97 creatures vanquished.

Notes
Turn   | Place    | Note
-------+----------+-------------------------------------------
     0 | D:1      | Icepheonix32 the Demonspawn Fighter began the quest for the
                  | Orb.
     0 | D:1      | Reached XP level 1. HP: 18/18 MP: 1/1
   276 | D:1      | Gained mutation: You have sharp fingernails. [demonic
                  | ancestry]
   276 | D:1      | Reached XP level 2. HP: 6/24 MP: 2/2
  1040 | D:1      | Gained mutation: You are partially covered in sharp spines.
                  | [demonic ancestry]
  1040 | D:1      | Reached XP level 3. HP: 29/29 MP: 3/3
  1116 | D:1      | Noticed a golden eye
  1119 | D:1      | Found a faded altar of an unknown god.
  1121 | D:1      | Noticed a golden eye
  1121 | D:1      | Noticed a floating eye
  1121 | D:1      | Noticed an eye of devastation
  2046 | D:2      | Reached skill level 1 in Unarmed Combat
  2046 | D:2      | Noticed Robin
  2047 | D:2      | Gained mutation: You have very sharp fingernails. [demonic
                  | ancestry]
  2047 | D:2      | Reached XP level 4. HP: 32/35 MP: 4/4
  2054 | D:2      | Killed Robin
  2066 | D:2      | Reached skill level 1 in Dodging
  2971 | D:3      | Gained mutation: You are partially covered in large bone
                  | plates. (SH +4) [demonic ancestry]
  2971 | D:3      | Reached XP level 5. HP: 41/41 MP: 5/5
  3003 | D:3      | You fall into a shaft and drop 3 floors!
  3521 | D:6      | Noticed a phantom
  3532 | D:6      | Killed a phantom
  3533 | D:6      | Reached skill level 1 in Stealth
  3533 | D:6      | Reached XP level 6. HP: 44/47 MP: 6/6
  3682 | D:5      | Entered Level 5 of the Dungeon
  3682 | D:5      | Noticed Edmund
  3682 | D:5      | Noticed a sky beast
  3682 | D:5      | Noticed an ice beast
  3686 | D:5      | Noticed Eustachio
  3699 | D:5      | Killed an ice beast
  3713 | D:5      | Killed Edmund
  3714 | D:5      | Gained mutation: You regenerate a little health from kills.
                  | [demonic ancestry]
  3714 | D:5      | Reached XP level 7. HP: 19/52 MP: 7/7
  3717 | D:5      | Mangled by an ogre

Illustrated notes

Levels and vault maps discovered:
D:1:      heliophobic_arrival_ceremonial_halls, layout_basic, serial_glass,
          glass_columns_a, glass_columns_c, glass_columns_a, glass_columns_a,
          glass_columns_a, glass_columns_a, due_unseen_surprise,
          item_on_display_a, hellmonk_ecumenical_altar_watching_god,
          st_stairs_10
D:2:      minmay_chambers_of_twos, layout_loops_corners,
          minmay_fractal_squares_5, uniq_robin
D:3:      layout_loops_ring
D:5:      layout_rooms, uniq_eustachio, uniq_prince_ribbit1, uniq_edmund
D:6:      layout_cave_pods, hangedman_feature_mirror, hex_large

Skill      XL: |  1  2  3  4  5  6 |
---------------+-------------------+-----
Long Blades    | 2 |  2.0
Shields        | 3 |  3.4
Armour         | 3 4 |  4.0
Unarmed Combat | 1 3 4 |  4.5
Dodging        | 1 |  1.8
Stealth        | 1 |  1.0
Fighting       | |  3.6

Action                   |  1- 3 |  4- 6 |  7- 9 || total
-------------------------+-------+-------+-------++-------
Melee: Long sword        |   120 |     6 |       ||   126
       Unarmed           |       |   114 |     3 ||   117
  Use: Potion            |       |     4 |       ||     4
Armor: Ring mail         |    31 |    35 |       ||    66
       Scale mail        |     2 |       |       ||     2
Dodge: Dodged            |    49 |    38 |       ||    87
Block: Buckler           |    32 |    39 |     2 ||    73
       Other             |       |     1 |       ||     1
